 Dungeon Crawl Stone Soup version 0.28.0-43-g3370ac3207 (webtiles) character file.

Game seed: 1793693665315574762

2482 sizableburger the Spear-Bearer (level 9, -4/68 HPs)
             Began as a Mummy Abyssal Knight on Mar 10, 2022.
             Was a Believer of Lugonu.
             Slain by a vampire mosquito (7 damage)
             ... on level 8 of the Dungeon.
             The game lasted 00:14:52 (7656 turns).

sizableburger the Spear-Bearer (MuAK)               Turns: 7656, Time: 00:14:53

Health: -4/68      AC: 16    Str: 20    XL:     9   Next: 27%
Magic:  11/12      EV:  8    Int: 10    God:    Lugonu [**....]
Gold:   259        SH:  5    Dex: 12    Spells: 8/8 levels left

rFire   . . .      SeeInvis .   j - +1 halberd
rCold   . . .      Faith    .   (shield currently unavailable)
rNeg    + + +      Spirit   .   o - +0 chain mail
rPois   ∞          Reflect  +   d - +0 helmet
rElec   .          Harm     .   c - +0 cloak
rCorr   .          Rampage  .   (no gloves)
Will    +....                   (no boots)
Stlth   ..........              r - amulet of reflection
HPRegen 0.21/turn               e - +4 ring of protection
MPRegen 0.13/turn               m - ring of fire

@: no status effects
A: cold resistance 1, negative energy resistance 3, torment resistance 2, heat
vulnerability 1, no potions
a: Renounce Religion, Depart the Abyss, Bend Space


You were on level 8 of the Dungeon.
You worshipped Lugonu.
Lugonu was pleased with you.
You visited 1 branch of the dungeon, and saw 8 of its levels.
You visited the Abyss 1 time.

You collected 259 gold pieces.

Inventory:

Hand Weapons
 a - a +1 spear
 j - a +1 halberd (weapon)
Missiles
 h - a throwing net
Armour
 c - a +0 cloak (worn)
 d - a +0 helmet (worn)
 o - a +0 chain mail (worn)
Jewellery
 e - a +4 ring of protection (left hand)
 f - a ring of wizardry
 m - a ring of fire (right hand)
 n - an amulet of magic regeneration
 r - an amulet of reflection (around neck)
Wands
 k - a wand of polymorph (1)
Scrolls
 b - a scroll of identify
 g - 2 scrolls of immolation
 i - 3 scrolls of amnesia
 s - a scroll of fear {unknown}


   Skills:
 - Level 5.0 Fighting
 + Level 8.2 Polearms
 - Level 4.8 Armour
 - Level 0.7 Dodging
 + Level 4.3 Invocations


You had 8 spell levels left.
You didn't know any spells.
Your spell library contained the following spells:

 Spells                   Type           Power      Damage    Failure   Level
 Frozen Ramparts          Ice            0%         1d2       100%        3
 Summon Ice Beast         Ice/Summ       0%         N/A       100%        4
 Ice Form                 Ice/Tmut       Unusable   N/A       N/A         4

Dungeon Overview and Level Annotations

Branches:
Dungeon (8/15)             Temple (0/1) D:6
   Lair: D:8-11

Altars:
Ashenzari
Kikubaaqudgha
Qazlal
Trog

Shops:
D:1 [   D:8 *

Annotations:
D:3 Sigmund
D:8 1 runed translucent door


Innate Abilities, Weirdness & Mutations

You are immune to poison.
Your flesh is cold resistant. (rC+)
You are immune to negative energy. (rN+++)
You are immune to unholy pain and torment.
You are vulnerable to heat. (rF-)
You do not drink.


Message History

A vampire mosquito comes into view.
The vampire mosquito buzzes angrily.
The wyvern bites you but does no damage. x2
Your surroundings suddenly seem different.
A two-headed ogre comes into view. It is wielding two +0 giant clubs.
The two-headed ogre shouts in stereo!
You hear a shout!
The vampire mosquito bites you.
Okay, then.
A steam dragon comes into view.
The wyvern hisses angrily.
The orc wizard shouts!
The steam dragon hisses angrily.
The vampire mosquito bites you. The wight hits you with a +0 hand axe.
The orc wizard hits you but does no damage.
The vampire mosquito barely misses you.
A centaur zombie comes into view.
The vampire mosquito bites you but does no damage.
You block the black bear's attack. The black bear completely misses you.
The black bear claws you but does no damage.
The wight hits you with a +0 hand axe! The vampire mosquito bites you.
The vampire mosquito bites you but does no damage.
Okay, then.
The vampire mosquito bites you!
You hear the steady creaking of a very distant portcullis.
The steam dragon breathes steam at you. The ball of steam hits you!!
* * * LOW HITPOINT WARNING * * *
You block the vampire mosquito's attack.
The vampire mosquito is engulfed in a cloud of scalding steam.
The vampire mosquito closely misses you.
The vampire mosquito is engulfed in a cloud of scalding steam.
Okay, then.
You can't drink.
Okay, then.
You don't know any spells.
You don't know any spells.
Space bends around you!
You blink.
The wyvern is engulfed in a cloud of scalding steam.
Okay, then.
The vampire mosquito bites you!
You die...

.##...O.#.#...........#
**,,,,,,
#.......#.#...........#
*,,,,,,,
....###..#.h.[........#
*,,,,,,,
.,,*###..#.#oz.......##
*,,,,,,,
.,###...ozh##O.....###
*,,,,,,,
.##........##..D..##
**,,,,,,
#..........##....##
***,,,,
#...........#..ly##
**,,,
###.........##..@.#*
***,
####.....###.....#* **
####### #......#**
#........*** *
#..........* *
###...#####* * #####


You could see a two-headed ogre, a steam dragon, a black bear, a wyvern, a
vampire mosquito, a wight and an orc wizard.

Vanquished Creatures
  Prince Ribbit (D:5)
  Grinder (D:5)
  A water moccasin (D:6)
  A sky beast (D:6)
  2 ice beasts
  4 black bears
  A centaur (D:5)
  2 ogres (D:4)
  A bullfrog (D:6)
  A wyvern zombie (D:7)
  3 scorpions
  A wight (D:8)
  3 howler monkeys
  2 centaur zombies
  2 bullfrog zombies (D:5)
  An orc priest (D:5)
  2 hounds
  A gnoll shaman (D:4)
  Jessica (D:2)
  3 iguanas
  A howler monkey zombie (D:6)
  12 gnolls
  4 adders
  A shadow imp (D:5)
  A worm (D:2)
  2 dart slugs (D:2)
  6 orcs
  2 bats
  5 endoplasms
  2 giant cockroaches (D:2)
  3 hobgoblins (D:1)
  7 jackals
  4 quokkas
  2 ball pythons (D:1)
  A frilled lizard (D:2)
  5 goblins
  6 kobolds
  7 rats
105 creatures vanquished.

Vanquished Creatures (others)
  A wizard (D:6)
  An orc wizard (D:5)
  7 plants (D:3)
9 creatures vanquished.

Grand Total: 114 creatures vanquished

Notes
Turn   | Place    | Note
-------+----------+-------------------------------------------
     0 | Abyss:1  | sizableburger the Mummy Abyssal Knight began the quest for
                  | the Orb.
     0 | Abyss:1  | Reached XP level 1. HP: 18/18 MP: 2/2
     6 | D:1      | Escaped the Abyss
   111 | D:1      | Reached skill level 2 in Polearms
   118 | D:1      | Reached XP level 2. HP: 17/24 MP: 3/3
   282 | D:1      | Found Heqeohou's Antique Armour Boutique.
   577 | D:1      | Reached ** piety under Lugonu
   993 | D:2      | Reached XP level 3. HP: 29/29 MP: 4/4
  1184 | D:2      | Noticed Jessica
  1206 | D:2      | Reached skill level 3 in Polearms
  1213 | D:2      | Killed Jessica
  1263 | D:2      | Reached XP level 4. HP: 34/35 MP: 5/5
  1333 | D:2      | Found a faded altar of an unknown god.
  2019 | D:3      | Reached skill level 4 in Polearms
  2395 | D:3      | Noticed Sigmund
  2696 | D:4      | Noticed a black bear
  2758 | D:4      | Killed a black bear
  2759 | D:4      | Reached XP level 5. HP: 21/42 MP: 6/6
  2950 | D:4      | Noticed a black bear
  2960 | D:4      | Killed a black bear
  2961 | D:4      | Reached XP level 6. HP: 31/48 MP: 7/7
  3370 | D:4      | Reached skill level 5 in Polearms
  3672 | D:4      | Reached skill level 5 in Fighting
  3978 | D:5      | Entered Level 5 of the Dungeon
  3983 | D:5      | Reached XP level 7. HP: 51/56 MP: 8/8
  4224 | D:5      | Found a stormy altar of Qazlal.
  4225 | D:5      | Found a broken altar of Ashenzari.
  4266 | D:5      | Noticed Grinder
  4508 | D:4      | Reached skill level 6 in Polearms
  4795 | D:5      | Killed Grinder
  4796 | D:5      | Reached XP level 8. HP: 58/62 MP: 9/9
  5028 | D:5      | Noticed Prince Ribbit
  5369 | D:5      | Killed Prince Ribbit
  5370 | D:5      | Reached skill level 7 in Polearms
  5962 | D:6      | Found a staircase to the Ecumenical Temple.
  6188 | D:6      | Found a bloodstained altar of Trog.
  6280 | D:6      | Noticed a wizard
  6286 | D:6      | Killed a wizard
  6471 | D:6      | Reached XP level 9. HP: 49/68 MP: 11/11
  6602 | D:6      | Found an ancient bone altar of Kikubaaqudgha.
  6760 | D:7      | Reached *** piety under Lugonu
  7049 | D:7      | Reached skill level 8 in Polearms
  7279 | D:8      | Found Jiloudiu's General Store.
  7351 | D:8      | Found a runed translucent door.
  7644 | D:8      | Noticed a two-headed ogre
  7656 | D:8      | Slain by a vampire mosquito

Illustrated notes

Levels and vault maps discovered:
D:1:      wheals_arrival_linesprint, layout_loops_ring, serial_shops,
          nicolae_shop_crystal
D:2:      layout_rooms, shapermc_ecumenical_altar_ellora, uniq_jessica
D:3:      layout_loops_ring, gup_sewer_entry_bubbles, serial_bayou,
          serial_bayou_shore_b, serial_bayou_shore_a, serial_bayou_pond_c,
          serial_bayou_pond_e, serial_bayou_ford_a, minmay_between,
          uniq_sigmund, uniq_ijyb
D:4:      layout_basic
D:5:      layout_rooms, mainiacjoe_overflow_divided_tiny, enter_ossuary_5,
          grunt_ministairs_7, uniq_grinder, uniq_prince_ribbit1
D:6:      layout_basic, kennysheep_mini, trog_wizard,
          minmay_temple_entry_mini_moons
D:7:      layout_basic, minmay_statues_item
D:8:      minmay_the_grid_four_pointed_star
          [minmay_the_grid_triangle_9x9_corrupted_corridor,
          minmay_the_grid_triangle_9x9_zippers_vertical,
          minmay_the_grid_triangle_9x9_dagger,
          minmay_the_grid_triangle_9x9_subtriangle,
          minmay_the_grid_prize_trominoes], layout_cave_pods, serial_shops,
          kennysheep_mini_moat, nicolae_shop_temple_entry_statues_fountains,
          shop, shop, shop, enter_bailey_3

Skill      XL: |  1  2  3  4  5  6  7  8  9 |
---------------+----------------------------+-----
Polearms       | 2 3 4 5 6 7 8 |  8.2
Fighting       | 4 5 |  5.0
Armour         | 3 4 |  4.8
Invocations    | 3 4 |  4.3
Dodging        | |  0.7

Action                   |  1- 3 |  4- 6 |  7- 9 || total
-------------------------+-------+-------+-------++-------
Melee: Spear             |   102 |   150 |       ||   252
       Punch             |       |     1 |       ||     1
       Halberd           |       |    30 |   217 ||   247
Invok: Bend Space        |       |       |    13 ||    13
       Banish            |       |       |     1 ||     1
  Use: Scroll            |     1 |     5 |     8 ||    14
 Stab: Sleeping          |     1 |       |       ||     1
Armor: Leather armour    |    18 |       |       ||    18
       Ring mail         |    14 |    17 |       ||    31
       Scale mail        |       |    65 |    89 ||   154
       Chain mail        |       |       |    57 ||    57
Dodge: Dodged            |    32 |    83 |    88 ||   203
Block: Other             |       |       |     6 ||     6
